 Dungeon Crawl Stone Soup version 0.18-a0-1026-ge317a7f (webtiles) character file.

0 Jmtri7 the Charlatan (level 1, -32/15 HPs)
             Began as a Formicid Artificer on Jan 8, 2016.
             Was an Initiate of Dithmenos.
             Killed from afar by an ice dragon (36 damage)
             ... with a blast of cold
             ... on level 15 of the Dungeon.
             The game lasted 00:02:46 (514 turns).

Jmtri7 the Charlatan (Formicid Artificer)            Turns: 514, Time: 00:02:46

Health: -32/15     AC:  3    Str: 15    XL:     1   Next: 0%
Magic:  3/3        EV:  6    Int: 11    God:    Dithmenos [......]
Gold:   181        SH:  0    Dex: 11    Spells: 0 memorised, 0 levels left

rFire  . . .     SeeInvis +     g - -1 rapier (curse)
rCold  . . .     Gourm    .     b - +0 leather armour
rNeg   + . .     Faith    .     (no shield)
rPois  .         Spirit   .     (helmet unavailable)
rElec  .         Dismiss  .     (no cloak)
rCorr  .         Reflect  .     (no gloves)
SustAt .         Harm     .     (no boots)
MR     .....                    (no amulet)
Stlth  +.........               (no ring)
                                h - ring of positive energy

@: marked, not resistant to hostile enchantments, very unstealthy
A: permanent stasis, dig shafts and tunnels, four strong arms, antennae 3
a: Dig, Shaft Self, Renounce Religion


You were on level 15 of the Dungeon.
You worshipped Dithmenos.
Dithmenos was noncommittal.
You were near starving.

You visited 1 branch of the dungeon, and saw 10 of its levels.

You collected 181 gold pieces.

Inventory:

Hand Weapons
 g - a cursed -1 rapier (weapon)
Armour
 b - a +0 leather armour (worn)
Jewellery
 h - a ring of positive energy (left hand)
Wands
 c - a wand of flame (15/48)
 d - a wand of enslavement (15/24)
 e - a wand of random effects (15/48)
Scrolls
 a - a scroll of summoning {unknown}
Comestibles
 f - a bread ration


   Skills:
 - Level 1.1 Fighting
 - Level 1.0 Short Blades
 - Level 1.7 Dodging
 + Level 1.2 Stealth
 - Level 3.2 Evocations


You couldn't memorise any spells.
You didn't know any spells.

Dungeon Overview and Level Annotations

Branches:
Dungeon (14/15)            Depths (0/5) D:15
 Temple: D:4-7         Lair: D:8-11         Orc: D:9-12      Vaults: D:13-14

Altars:
Dithmenos


Innate Abilities, Weirdness & Mutations

You are under a permanent stasis effect.
You can dig through walls and to a lower floor.
Your four strong arms can wield two-handed weapons with a shield.
You have a pair of large antennae on your head (SInv).


Message History

Unknown command.
Are you sure you want to shaft yourself?
You feel quite a bit more hungry.
You begin to dig a shaft.
You continue digging a shaft.
The centaur warrior shouts!
The centaur warrior wields a shortbow.
The centaur warrior shoots an arrow.
The arrow barely misses you. A shaft appears beneath you!
A falchion falls through the shaft.
You fall through a shaft!
The shaft crumbles and collapses.
Beware, you cannot shaft yourself on this level.
An ice dragon comes into view.
Found 80 gold pieces.
Found a staircase to the Depths.
An ice dragon comes into view.
Found 44 gold pieces.
There is a staircase to the Depths here.
The ice dragon breathes frost at you.
Helpless, you fail to dodge the blast of cold.
Ouch! That really hurt!
You die...

######
##$$$$.##
##..D....#
#@.#####..
##...D...
##$$$$.#
######


You could see 2 ice dragons.

Vanquished Creatures
  A fungus (D:11)
1 creature vanquished.

Notes
Turn   | Place    | Note
--------------------------------------------------------------
     0 | D:1      | Jmtri7 the Formicid Artificer began the quest for the Orb.
     0 | D:1      | Reached XP level 1. HP: 15/15 MP: 3/3
     3 | D:1      | You fall through a shaft!
    10 | D:2      | You fall through a shaft!
    21 | D:3      | You fall through a shaft for 2 floors!
    21 | D:5      | Entered Level 5 of the Dungeon
    24 | D:5      | You fall through a shaft for 3 floors!
    37 | D:8      | Found a shadowy altar of Dithmenos.
    84 | D:8      | Became a worshipper of Dithmenos the Shadowed
   113 | D:8      | Noticed a hungry ghost
   117 | D:8      | You fall through a shaft for 2 floors!
   117 | D:10     | Entered Level 10 of the Dungeon
   143 | D:10     | You fall through a shaft!
   192 | D:11     | Noticed an unseen horror
   198 | D:11     | You fall through a shaft for 2 floors!
   473 | D:13     | Noticed a crimson imp
   500 | D:13     | Noticed a hound
   509 | D:13     | You fall through a shaft!
   509 | D:14     | Noticed a centaur warrior
   512 | D:14     | You fall through a shaft!
   512 | D:15     | Entered Level 15 of the Dungeon
   512 | D:15     | Found a staircase to the Depths.
   512 | D:15     | Noticed an ice dragon
   513 | D:15     | Noticed an ice dragon
   514 | D:15     | Killed from afar by an ice dragon

Vault maps used:
D:1:      dpeg_arrival_arbitrary_c
D:2:      kennysheep_generic_room_16, uniq_natasha
D:3:      lemuel_crystal_altar, elyvilon_altar_4, uniq_robin
D:5:      grunt_temple_overflow_order_and_chaos_1, grunt_gozag_statues,
          nemelex_deck, first_bread
D:8:      okawaru_gym_becter, kennysheep_mini
D:11:     serial_shops, nicolae_shop_trees, shop, shop, shop, grunt_pizzeria,
          minmay_gold_behind_fungi, statue_in_the_mist_lemuel
D:13:     minmay_misc_feat_roman, evilmike_ruin_ashenzari
D:14:     david_vaults_4, kennysheep_generic_room_14, uniq_louise
D:15:     grunt_enter_depths_hoard, nicolae_lava_and_water,
          minmay_misc_feat_chi, uniq_sonja, uniq_azrael

Action                   || total
-------------------------++-------
Melee: Rapier            ||    19
 Abil: Shaft Self        ||     9
